 Dungeon Crawl Stone Soup version 0.32-a0-909-gc671339a80 (webtiles) character file.

Game seed: 14501395082090595688

426 GiantSquids the Shooter (level 6, -3/44 HPs)
             Began as a Coglin Hunter on Apr 6, 2024.
             Slain by a sky beast (6 damage)
             ... on level 5 of the Dungeon.
             The game lasted 00:02:54 (3194 turns).

GiantSquids the Shooter (Coglin Hunter)             Turns: 3194, Time: 00:02:55

Health: -3/44      AC:  3    Str: 11    XL:     6   Next: 97%
Magic:  6/6        EV: 11    Int:  9    God:
Gold:   244        SH:  0    Dex: 19    Spells: 5/5 levels left

rFire   . . .        a - +2 sling {Ankhesenamen}
rCold   . . .        d - +0 sling {Amnanu}
rNeg    . . .        c - +0 leather armour
rPois   .            (no helmet)
rElec   .            (no cloak)
rCorr   .            (no gloves)
SInv    .            (no boots)
Will    .....        (amulet unavailable)
Stlth   ++           (ring unavailable)
HPRegen 0.27/turn    (ring unavailable)
MPRegen 0.10/turn    (no gizmo)

%: no passive effects
@: brilliant, revved
A: off-hand wielding, slow wielding, warmup strikes, no jewellery
a: Invent Gizmo


You were on level 5 of the Dungeon.
You visited 1 branch of the dungeon, and saw 5 of its levels.

You collected 244 gold pieces.

Inventory:

Hand Weapons
 a - a +2 sling (weapon) {Ankhesenamen}
 d - a +0 sling (offhand) {Amnanu}
Armour
 c - a +0 leather armour (worn)
Scrolls
 b - 2 scrolls of butterflies
 e - 5 scrolls of teleportation {unknown}
 g - a scroll of amnesia {unknown}
 h - a scroll of torment {unknown}
 i - a scroll of enchant weapon {unknown}
 m - 3 scrolls of identify {unknown}
 o - 2 scrolls of noise {unknown}
 p - 2 scrolls of acquirement {unknown}
 q - a scroll of blinking {unknown}
 r - a scroll of immolation {unknown}
Potions
 f - a potion of berserk rage {unknown}
 j - a potion of haste {unknown}
 k - 3 potions of brilliance
 l - 2 potions of heal wounds {unknown}
 n - a potion of curing {unknown}


   Skills:
 - Level 2.0 Fighting
 + Level 7.4 Ranged Weapons
 - Level 1.7 Dodging
 - Level 0.7 Stealth


You had 5 spell levels left.
You didn't know any spells.
Your spell library contained the following spells:

 Spells                   Type           Power      Damage    Failure   Level
 Leda's Liquefaction      Alch/Erth      0%         N/A       99%         4
 Petrify                  Alch/Erth      0%         N/A       99%         4
 Metabolic Englaciation   Hex/Ice        0%         N/A       100%        5


Dungeon Overview and Level Annotations

Branches:
Dungeon (5/15)
 Temple: D:4-7

Altars:
Dithmenos
Okawaru
Uskayaw
Xom


Innate Abilities, Weirdness & Mutations

You can wield a second weapon in your off-hand.
It takes a long time for you to wield or remove held weapons.
Your first few attacks do less damage.
You cannot equip rings or amulets.


Message History

The sky beast shocks you.
The sky beast hits you but does no damage.
You shoot a sling bullet. The sling bullet hits the sky beast.
The sky beast is moderately wounded.
You shoot a sling bullet.
The sling bullet hits the sky beast but does no damage.
The sky beast is moderately wounded.
The sky beast hits you but does no damage.
You shoot a sling bullet.
The sling bullet closely misses the sky beast.
You shoot a sling bullet.
The sling bullet hits the sky beast but does no damage.
The sky beast is moderately wounded.
The sky beast hits you. The sky beast shocks you.
You shoot a sling bullet.
The sling bullet hits the sky beast but does no damage.
The sky beast is moderately wounded.
You shoot a sling bullet. The sling bullet hits the sky beast.
The sky beast is heavily wounded.
The sky beast hits you. The sky beast shocks you.
* * * LOW HITPOINT WARNING * * *
You shoot a sling bullet.
The sling bullet closely misses the sky beast.
You shoot a sling bullet.
The sling bullet barely misses the sky beast.
The sky beast hits you.
* * * LOW HITPOINT WARNING * * *
The sky beast shocks you.
* * * LOW HITPOINT WARNING * * *
You shoot a sling bullet. The sling bullet hits the sky beast!
The sky beast is severely wounded.
You shoot a sling bullet.
The sling bullet barely misses the sky beast.
The sky beast hits you but does no damage.
It was a potion of brilliance.
You feel clever all of a sudden. The sky beast hits you.
* * * LOW HITPOINT WARNING * * *
The sky beast shocks you.
You die...

#......#####.#
#.####.#####.#
#......<†.##.#
#..#.#..#.##.#
#........#...#
.....#..###..#
###.####..#..##
#.####.#..##
#@.....##.#
#....Y########.#
#..... #.#
....... #.#
##..... #.#
#..... ..#
....)## ###
####.


You could see a sky beast.

Vanquished Creatures
  An ogre (D:4)
  A hound (D:4)
  2 bombardier beetles
  An iguana (D:5)
  An orc wizard (D:4)
  A sleepcap (D:4)
  10 adders
  A dart slug (D:4)
  2 ribbon worms
  3 orcs
  3 ball pythons
  2 bats
  7 endoplasms
  2 giant cockroaches
  4 goblins
  10 hobgoblins
  7 jackals (D:1)
  2 quokkas (D:4)
  2 frilled lizards
  3 kobolds (D:2)
  8 rats
  A butterfly (D:3)
74 creatures vanquished.

Notes
Turn   | Place    | Note
-------+----------+-------------------------------------------
     0 | D:1      | GiantSquids the Coglin Hunter began the quest for the Orb.
     0 | D:1      | Reached XP level 1. HP: 16/16 MP: 1/1
   169 | D:1      | Reached skill level 4 in Ranged Weapons
   169 | D:1      | Reached XP level 2. HP: 22/22 MP: 2/2
   629 | D:1      | Reached XP level 3. HP: 27/27 MP: 3/3
  1238 | D:2      | Reached skill level 5 in Ranged Weapons
  1238 | D:2      | Reached XP level 4. HP: 21/33 MP: 4/4
  1527 | D:3      | Found a shimmering altar of Xom.
  1556 | D:3      | Found a hide-covered altar of Uskayaw.
  1665 | D:3      | Reached XP level 5. HP: 38/38 MP: 5/5
  1891 | D:3      | Reached skill level 6 in Ranged Weapons
  1908 | D:3      | Found an iron altar of Okawaru.
  1963 | D:3      | Found a shadowy altar of Dithmenos.
  2111 | D:4      | Noticed an ogre
  2120 | D:4      | Killed an ogre
  2121 | D:4      | Reached XP level 6. HP: 5/44 MP: 6/6
  2684 | D:4      | Reached skill level 7 in Ranged Weapons
  3072 | D:5      | Entered Level 5 of the Dungeon
  3184 | D:5      | Noticed a sky beast
  3194 | D:5      | Slain by a sky beast

Illustrated notes

Levels and vault maps discovered:
D:1:      minmay_arrival_open_corners, layout_basic
D:2:      layout_basic
D:3:      layout_rooms, mainiacjoe_overflow_24_doors,
          hellmonk_okawaru_the_only_friend_you_need, xom_butterflies,
          lemuel_crystal_altar, serial_bayou_lagoon_a
D:4:      layout_gridville
D:5:      layout_loops_cross, zin_purify, lemuel_doored_altar, temple_fountains,
          minmay_shop_enchanted_jewellery, uniq_duvessa

Skill      XL: |  1  2  3  4  5  6 |
---------------+-------------------+-----
Ranged Weapons | 4 5 6 7 |  7.4
Fighting       | |  2.0
Dodging        | |  1.7
Stealth        | |  0.7

Action                     |  1- 3 |  4- 6 || total
---------------------------+-------+-------++-------
   Fire: Sling             |   122 |   284 ||   406
    Use: Potion            |       |     1 ||     1
 Armour: Leather armour    |    10 |    29 ||    39
  Dodge: Dodged            |    18 |    22 ||    40

Table legend: (Time is in decaauts)
 A = Elapsed time spent in this place.
 B = Non-inter-level travel time spent in this place.
 C = Inter-level travel time spent in this place.
 D = Time resting spent in this place.
 E = Time spent auto-exploring this place.
 F = Levels seen in this place.
 G = Mean time per level.
                   A        B        C        D        E       F      G
               +--------+--------+--------+--------+--------+-----+--------+
         Total |   3228 |   3127 |    101 |      0 |   2750 |   5 |  645.6 |
       Dungeon |   3228 |   3127 |    101 |      0 |   2750 |   5 |  645.6 |
               +--------+--------+--------+--------+--------+-----+--------+

Top non-repeatable levels by time:
     D:1: 1070 daAuts
     D:4: 999 daAuts
     D:3: 560 daAuts
     D:2: 474 daAuts
     D:5: 123 daAuts
